 Dungeon Crawl Stone Soup version 0.31-a0-1321-g5021b54cb2 (webtiles) character file.

Game seed: 9128103276642709026

67 croobank the Ruffian (level 4, 0/29 HPs)
             Began as an Octopode Shapeshifter on Dec 20, 2023.
             Slain by a quokka (1 damage)
             ... on level 3 of the Dungeon.
             The game lasted 00:02:29 (1767 turns).

croobank the Ruffian (Octopode Shapeshifter)        Turns: 1767, Time: 00:02:29

Health: 0/29       AC:  1    Str: 17    XL:     4   Next: 16%
Magic:  4/4        EV: 13    Int: 13    God:
Gold:   126        SH:  0    Dex: 10    Spells: 3/3 levels left

rFire   . .          .
                       - Unarmed
rCold   . . .        (no shield)
rNeg    . . .        (helmet currently unavailable)
rPois   .            (no amulet)
rElec   .            (no ring)
rCorr   .            (no ring)
SInv    .            (no ring)
Will    .....        (no ring)
Stlth   ++           (no ring)
HPRegen 0.24/turn    (no ring)
MPRegen 0.09/turn    (no ring)
                     (no ring)

%: no passive effects
@: beast-form
A: beast (slay +1), almost no armour, amphibious, 8 rings, camouflage 1,
gelatinous body 1, (nimble swimmer 1), tentacles, antennae 1, strong 1
a: Begin Untransformation


You were on level 3 of the Dungeon.
You were a hulking beast.
You visited 1 branch of the dungeon, and saw 3 of its levels.

You collected 126 gold pieces.

Inventory:

Hand Weapons
 d - a +0 hand axe
 h - a +0 dagger
Jewellery
 m - a ring of poison resistance
Talismans
 b - a beast talisman
 c - a flux talisman
Wands
 o - a wand of flame (11)
 p - a wand of iceblast (9)
Scrolls
 g - a scroll of identify
 k - a scroll of enchant armour
Potions
 a - 2 potions of lignification
 i - a potion of brilliance
 j - 3 potions of mutation
 l - a potion of enlightenment {unknown}
 n - a potion of degeneration {unknown}


   Skills:
 + Level 2.0 Fighting
 + Level 2.7 Dodging
 + Level 3.5 Unarmed Combat
 + Level 3.4 Shapeshifting


You had 3 spell levels left.
You didn't know any spells.
Your spell library was empty.

Dungeon Overview and Level Annotations

Branches:
Dungeon (3/15)

Altars:
Yredelemnul

Portals:
Sewer: D:3


Innate Abilities, Weirdness & Mutations

You are a hulking beast.
Your limbs bulge with bestial killing power. (Slay +1)
You cannot wear most types of armour.
You are amphibious.
You can wear up to eight rings at the same time.
Your skin changes colour to match your surroundings (Stealth+).
Your rubbery body absorbs attacks. (AC +1, EV +1)
((You are camouflaged when in or above water. (Stealth+)))
You have tentacles for arms and can constrict up to eight enemies at once.
You have a pair of small antennae on your head.
Your muscles are strong. (Str +4, Int/Dex -1)


Message History

Your squeeze misses the giant cockroach.
The giant cockroach is almost dead.
You constrict the giant cockroach.
You kill the giant cockroach!
You miss the quokka. Your grab misses the quokka. The quokka barely misses you.
A quokka comes into view.
The quokka closely misses you. 2 giant cockroaches come into view.
Found a glowing drain.
The quokka attacks as it pursues you! The quokka bites you.
The quokka bites you but does no damage.
You closely miss the quokka. You grab the quokka. You constrict the quokka.
The quokka bites you. x3
You tentacle-slap the quokka.
You kill the quokka!
The quokka bites you but does no damage.
The quokka misses you.
You closely miss the quokka. Your grab misses the quokka.
Your squeeze misses the quokka. The quokka bites you. x2
You are too injured to fight recklessly!
You are too injured to fight recklessly!
You are too injured to fight recklessly!
You are too injured to fight recklessly!
You tentacle-slap the giant cockroach.
You kill the giant cockroach!
The quokka bites you but does no damage.
The quokka bites you.
You tentacle-slap the quokka. Your grab misses the quokka.
The quokka is moderately wounded.
The quokka barely misses you. The quokka bites you.
You barely miss the quokka. Your grab misses the quokka.
The quokka is moderately wounded.
The quokka bites you.
* * * LOW HITPOINT WARNING * * *
The quokka bites you.
* * * LOW HITPOINT WARNING * * *
It was a potion of mutation.
You feel extremely strange.
You feel stronger. A pair of antennae grows on your head!
The quokka misses you. The quokka bites you.
You die...

B###### .≈≈≈≈≈≈##
~~.∩..~.### #≈≈≈≈≈≈†h##. #
#########rr##. .#
..####!~≈≈≈≈≈≈.~##.######..#
.....~.~~.~.†~~###......#..#
####..~~##########.........#
....####...# #..†<......#
o..... ##..# #..........# ##
#..##.#######..........#
#.........##..........#


You could see 2 quokkas.

Vanquished Creatures
  An adder (D:3)
  A worm (D:2)
  2 dart slugs
  8 endoplasms
  4 giant cockroaches
  5 goblins
  5 hobgoblins
  3 jackals (D:2)
  6 quokkas
  A ball python (D:2)
  A bat (D:1)
  2 frilled lizards
  A kobold (D:2)
  3 rats (D:1)
43 creatures vanquished.

Notes
Turn   | Place    | Note
-------+----------+-------------------------------------------
     0 | D:1      | croobank the Octopode Shapeshifter began the quest for the
                  | Orb.
     0 | D:1      | Reached XP level 1. HP: 13/13 MP: 1/1
   472 | D:1      | Reached XP level 2. HP: 13/18 MP: 2/2
  1006 | D:2      | Reached XP level 3. HP: 9/23 MP: 3/3
  1319 | D:2      | Found a basalt altar of Yredelemnul.
  1645 | D:3      | Reached XP level 4. HP: 29/29 MP: 4/4
  1759 | D:3      | Found a glowing drain.
  1766 | D:3      | HP: 1/29 [quokka (4)]
  1767 | D:3      | Gained mutation: Your muscles are strong. (Str +4, Int/Dex
                  | -1) [potion of mutation]
  1767 | D:3      | Gained mutation: You have a pair of small antennae on your
                  | head. [potion of mutation]
  1767 | D:3      | Slain by a quokka

Illustrated notes

Levels and vault maps discovered:
D:1:      psy_arrival_dodecagon, layout_loops_ring, kennysheep_crisscross
D:2:      layout_loops_ring, basic_altar, minivault_25
D:3:      layout_rooms, nemelex_diamond_rough_becter,
          mainiacjoe_overflow_catch_the_wave, gup_sewer_entry_pipe,
          minmay_snake_closets

Skill      XL: |  1  2  3  4 |
---------------+-------------+-----
Fighting       | 2 |  2.0
Dodging        | |  2.7
Unarmed Combat | |  3.5
Shapeshifting  | |  3.4

Action                     |  1- 3 |  4- 6 || total
---------------------------+-------+-------++-------
  Melee: Unarmed           |    84 |    17 ||   101
         Constrict         |    17 |     5 ||    22
         Tentacles         |     8 |     1 ||     9
         Punch             |     3 |       ||     3
    Use: Scroll            |       |     4 ||     4
         Potion            |       |     1 ||     1
   Stab: Sleeping          |     6 |       ||     6
 Armour: Skin              |    21 |    18 ||    39
  Dodge: Dodged            |    37 |    11 ||    48

Table legend: (Time is in decaauts)
 A = Elapsed time spent in this place.
 B = Non-inter-level travel time spent in this place.
 C = Inter-level travel time spent in this place.
 D = Time resting spent in this place.
 E = Time spent auto-exploring this place.
 F = Levels seen in this place.
 G = Mean time per level.
                   A        B        C        D        E       F      G
               +--------+--------+--------+--------+--------+-----+--------+
         Total |   1760 |   1671 |     89 |    139 |   1226 |   3 |  586.7 |
       Dungeon |   1760 |   1671 |     89 |    139 |   1226 |   3 |  586.7 |
               +--------+--------+--------+--------+--------+-----+--------+

Top non-repeatable levels by time:
     D:2: 853 daAuts
     D:1: 781 daAuts
     D:3: 125 daAuts
